Map: Odyssey LE

Players

Rengen - Winner!

  • Race: Protoss Protoss
  • League: Master
  • Spawn Location: 11:00

FarmCakes

  • Race: Zerg Zerg
  • League: Master
  • Spawn Location: 5:00

VOD

https://go.twitch.tv/videos/186074637

Description

Time

  • Played on: Oct. 28, 2017, 3:48 p.m.
  • Length: 10:53
Show
View Real Time Build Order
Export as new Build Order

Rengen Protoss - Winner!

Build Orders: Nexus First, Zealot Archon, Dark Templar Rush 

Get SALT Encoding   

  12  0:00  Probe (Chrono Boost)  
  13  0:11  Probe (Chrono Boost)  
  14  0:17  Pylon  
  14  0:22  Probe (Chrono Boost)  
  15  0:36  Probe (Chrono Boost)  
  16  0:46  Probe (Chrono Boost)  
  17  0:58  Nexus  
  17  1:08  Gateway  
  17  1:12  Probe (Chrono Boost)  
  17  1:16  Assimilator  
  18  1:21  Assimilator  
  18  1:24  Probe (Chrono Boost)  
  19  1:35  Probe (Chrono Boost)  
  20  1:46  Probe (Chrono Boost)  
  21  1:53  Gateway  
  21  1:55  Cybernetics Core  
  21  1:57  Probe (Chrono Boost)  
  22  2:07  Probe (Chrono Boost)  
  23  2:10  Zealot (Chrono Boost)  
  25  2:18  Probe (Chrono Boost)  
  25  2:20  Pylon, Probe (Chrono Boost)  
  27  2:28  Probe (Chrono Boost)  
  28  2:31  Probe (Chrono Boost)  
  28  2:36  Warp Gate  
  30  2:37  Stalker (Chrono Boost)  
  30  2:39  Probe  
  30  2:43  Probe  
  32  2:51  Twilight Council  
  32  2:52  Probe  
  32  2:57  Probe (Chrono Boost)  
  34  3:04  Probe (Chrono Boost)  
  35  3:08  Probe (Chrono Boost)  
  35  3:12  Robotics Facility  
  36  3:15  Probe (Chrono Boost)  
  36  3:19  Probe (Chrono Boost)  
  38  3:25  Probe (Chrono Boost)  
  39  3:29  Probe (Chrono Boost)  
  40  3:35  Dark Shrine  
  40  3:36  Probe (Chrono Boost)  
  40  3:40  Probe (Chrono Boost)  
  42  3:45  Gateway  
  42  3:47  Gateway  
  42  3:50  Mothership Core (Chrono Boost)  
  45  4:00  Warp Prism (Chrono Boost)  
  45  4:02  Pylon  
  46  4:05  Assimilator  
  46  4:07  Assimilator  
  46  4:14  Pylon  
  46  4:20  Charge (Chrono Boost), Probe x2  
  48  4:32  Probe x2  
  50  4:44  Probe  
  56  4:46  Pylon, Probe  
  56  4:50  Dark Templar  
  56  4:51  Dark Templar  
  56  4:53  Dark Templar  
  56  4:56  Gateway, Probe  
  56  4:58  Gateway  
  59  5:00  Dark Templar  
  59  5:03  Probe  
  59  5:06  Archon  
  59  5:07  Archon  
  62  5:11  Pylon  
  62  5:13  Gateway  
  62  5:15  Immortal  
  62  5:16  Gateway  
  66  5:31  Gateway  
  66  5:42  Pylon  
  66  5:43  Zealot  
  66  5:47  Pylon  
  68  5:56  Zealot x4  
  76  5:59  Immortal  
  80  6:13  Dark Templar x2  
  82  6:20  Pylon  
  82  6:21  Pylon  
  82  6:32  Dark Templar x2  
  78  6:33  Dark Templar x2  
  78  6:34  Archon  
  78  6:36  Archon x2  
  84  6:51  Dark Templar x2  
  88  6:54  Nexus  
  88  6:56  Pylon  
  88  6:58  Archon  
  88  7:03  Zealot x2  
  88  7:07  Zealot  
  94  7:10  Zealot  
  94  7:11  Sentry  
  94  7:12  Sentry  
  100  7:15  Probe  
  101  7:27  Zealot x4  
  103  7:39  Probe x2  
  103  7:44  Forge  
  105  7:45  Pylon  
  105  7:48  Zealot, Sentry x2  
  111  7:51  Probe  
  111  7:52  Probe  
  107  8:14  Zealot x3  
  107  8:15  Zealot x4  
  121  8:24  Probe  
  121  8:26  Probe x2  
  120  8:28  Assimilator  
  120  8:31  Assimilator  
  120  8:34  Probe  
  120  8:38  Sentry x3  
  127  8:43  Immortal  
  127  8:47  Probe  
  127  8:48  Protoss Ground Weapons Level 1 (Chrono Boost)  
  127  8:49  Probe x2  
  132  8:58  Probe  
  132  9:01  Probe  
  134  9:06  Dark Templar x3  
  134  9:09  Pylon  
  140  9:12  Pylon  
  140  9:14  Pylon  
  140  9:15  Pylon  
  140  9:19  Archon  
  140  9:23  Immortal  
  142  9:32  Dark Templar  
  142  9:37  Zealot x3  
  150  9:40  Dark Templar  
  150  9:41  Dark Templar  
  154  10:00  Dark Templar x4  
  154  10:04  Archon  
  154  10:05  Archon  
  136  10:15  Zealot  
  136  10:16  Zealot x4  
Show
View Real Time Build Order
Export as new Build Order

FarmCakes Zerg 

Build Orders: Hatch First 

Get SALT Encoding   

  12  0:00  Drone  
  13  0:08  Drone  
  14  0:16  Overlord  
  14  0:21  Extractor  
  14  0:23  Drone  
  15  0:34  Drone x2  
  17  0:51  Hatchery  
  17  0:54  Drone  
  17  0:58  Drone  
  18  1:08  Extractor  
  17  1:14  Spawning Pool  
  17  1:16  Drone  
  17  1:20  Drone  
  18  1:26  Drone  
  19  1:37  Overlord  
  19  2:00  Queen  
  19  2:01  Zergling x4  
  23  2:03  Drone, Queen  
  23  2:08  Metabolic Boost  
  26  2:10  Drone  
  28  2:15  Drone  
  28  2:20  Drone  
  29  2:25  Drone  
  30  2:32  Drone  
  31  2:41  Hatchery  
  31  2:43  Drone  
  31  2:48  Pneumatized Carapace  
  31  2:52  Drone  
  31  2:55  Overlord  
  32  2:59  Drone  
  32  3:03  Drone x2  
  35  3:12  Drone  
  36  3:15  Drone x3  
  36  3:16  Drone  
  36  3:18  Overlord  
  40  3:21  Drone  
  41  3:34  Overlord  
  41  3:35  Drone x3  
  44  3:42  Roach Warren  
  44  3:43  Drone  
  44  3:50  Drone  
  44  3:51  Overlord, Extractor  
  44  3:56  Drone  
  44  3:58  Lair  
  45  4:03  Overlord x2  
  45  4:04  Drone x3  
  45  4:07  Queen  
  50  4:10  Drone  
  50  4:11  Drone  
  50  4:16  Evolution Chamber  
  51  4:23  Roach x3  
  57  4:25  Drone x3  
  57  4:28  Roach  
  62  4:31  Drone  
  62  4:32  Drone x2  
  62  4:37  Roach x2  
  69  4:42  Drone  
  70  4:49  Overlord  
  70  4:50  Zergling x4  
  72  4:54  Zerg Melee Weapons Level 1  
  72  4:58  Extractor  
  71  5:03  Overseer  
  71  5:04  Drone x4  
  71  5:05  Drone  
  71  5:06  Drone  
  77  5:07  Overlord  
  77  5:11  Zergling x2  
  78  5:18  Drone x2  
  78  5:20  Zergling x8  
  78  5:21  Zergling x6  
  86  5:31  Baneling Nest  
  86  5:32  Drone x3  
  86  5:35  Overlord x2  
  85  5:43  Hatchery, Overseer  
  85  5:46  Drone x2  
  85  5:47  Drone x2  
  87  5:51  Hydralisk Den  
  87  5:54  Extractor  
  81  5:57  Roach x4  
  81  5:58  Roach  
  81  6:01  Roach x3  
  81  6:03  Zergling x4  
  81  6:04  Zergling x4  
  92  6:08  Roach  
  92  6:11  Roach x2  
  90  6:21  Roach x2  
  85  6:28  Drone x2  
  85  6:30  Drone  
  83  6:40  Extractor  
  83  6:41  Extractor, Drone  
  83  6:42  Drone x2  
  83  6:44  Zergling x2  
  85  6:48  Queen  
  85  6:49  Drone  
  88  6:54  Drone x2  
  88  6:58  Overlord  
  90  7:06  Drone x2  
  90  7:08  Hydralisk x2  
  92  7:10  Hydralisk  
  92  7:12  Drone x3  
  92  7:13  Drone  
  102  7:16  Roach  
  102  7:24  Roach x2  
  102  7:25  Roach  
  102  7:29  Roach  
  81  7:31  Overseer  
  81  7:35  Roach x2  
  86  7:37  Roach x3  
  86  7:43  Roach  
  90  7:51  Roach  
  92  7:53  Roach  
  92  7:57  Hydralisk  
  96  8:05  Hydralisk x2  
  95  8:12  Hydralisk x2  
  91  8:21  Hydralisk x4  
  91  8:23  Roach Warren, Zergling x2  
  91  8:25  Drone x2  
  91  8:26  Drone  
  102  8:29  Hydralisk  
  102  8:32  Hydralisk  
  106  8:37  Overlord  
  106  8:38  Zergling x2  
  106  8:39  Zergling x2  
  106  8:43  Evolution Chamber  
  106  8:48  Drone  
  106  8:50  Overlord x3, Queen  
  104  8:56  Zergling x2  
  104  9:02  Hydralisk x2  
  109  9:07  Hydralisk x2  
  113  9:11  Zergling x8  
  113  9:15  Hydralisk  
  119  9:17  Ravager  
  119  9:18  Ravager  
  119  9:20  Zergling x4  
  119  9:23  Baneling x3  
  119  9:24  Baneling x3  
  122  9:29  Ravager  
  123  9:32  Zergling x6  
  123  9:35  Baneling x2  
  123  9:36  Zergling x2  
  127  9:42  Baneling x2  
  127  9:44  Drone  
  128  9:46  Hydralisk  
  128  9:47  Hydralisk  
  130  9:53  Zergling x6  
  130  10:00  Drone x4  
  123  10:08  Hydralisk x4  
  123  10:13  Hydralisk  
  100  10:14  Hydralisk  
  94  10:23  Zergling x2  
  94  10:24  Zergling x2  
Tags
 
Add a new tag
Caveats
  • Supply blocks, unpowered buildings, or Contaminate may cause inaccurate times.
  • Supply counts are checked every 10 seconds.